 Dungeon Crawl Stone Soup version 0.24.0-123-gd5b16e6ec5 (webtiles) character file.

Game seed: 12017310539750350956, levelgen mode: deterministic

26 Descartes the Sneak (level 2, 0/11 HPs)
             Began as a Felid Wanderer on Feb 12, 2020.
             Slain by a gnoll
             ... wielding a +0 spear
              (11 damage)
             ... on level 2 of the Dungeon.
             The game lasted 00:01:34 (970 turns).

Descartes the Sneak (Felid Wanderer)                 Turns: 970, Time: 00:01:34

Health: 0/11       AC:  1    Str:  9    XL:     2   Next: 89%
Magic:  3/3        EV: 20    Int: 14    God:
Gold:   56         SH:  0    Dex: 13    Spells: 1/1 levels left
                                        Lives:  0   Deaths: 0

rFire    . . .     SeeInvis +     - Unarmed
rCold    . . .     Gourm    .   (shield unavailable)
rNeg     . . .     Faith    .   (armour unavailable)
rPois    .         Spirit   .   (helmet unavailable)
rElec    .         Reflect  .   (cloak unavailable)
rCorr    .         Harm     .   (gloves unavailable)
MR       .....                  (boots unavailable)
Stlth    +++.......             (no amulet)
HPRegen  0.03/turn              (no ring)
MPRegen  0.08/turn              (no ring)

@: quick
A: very small, no armour, no weapons or thrown items, stealth, claws 1, fangs 3,
see invisible, carnivore, speed 1, shaggy fur 1, slow metabolism 1, sharp paws
a: no special abilities


You were on level 2 of the Dungeon.
You were completely stuffed.

You visited 1 branch of the dungeon, and saw 2 of its levels.

You collected 56 gold pieces.

Inventory:

Missiles
 e - 20 stones
Scrolls
 b - a scroll of teleportation
 d - a scroll of remove curse {unknown}
 h - a scroll of amnesia {unknown}
 i - a scroll of identify {unknown}
Potions
 a - a potion of lignification
 g - a potion of magic {unknown}
Comestibles
 c - 3 rations
 f - 3 chunks of flesh


   Skills:
 + Level 5.6 Dodging
 + Level 5.7 Stealth
 * Level 2.1 Unarmed Combat
   Level 1.1 Evocations


You had one spell level left.
You didn't know any spells.
Your spell library was empty.

Dungeon Overview and Level Annotations

Branches:
Dungeon (2/15)

Altars:

Annotations:
D:2 1 runed translucent door, Crazy Yiuf


Innate Abilities, Weirdness & Mutations

You cannot wear armour.
You are incapable of wielding weapons or throwing items.
Your paws allow you to move quietly. (Stealth)
You have sharp claws.
You have razor-sharp teeth.
You have supernaturally acute eyesight. (SInv)
You are carnivorous and can eat meat at any time.
You cover ground quickly.
You are covered in fur. (AC +1)
You have a slow metabolism.
Your sharp claws are effective at attacking unaware monsters.


Message History

f - 7 chunks of flesh (gained 2)
Things that are here:
a +0 club; a hobgoblin skeleton
c - 3 rations (gained 1)
Found a robe.
Found a stone staircase leading down.
Some of the chunks of flesh in your inventory have rotted away.
Found a dagger.
You see here a dagger.
A gnoll comes into view. It is wielding a +0 spear.
The gnoll shouts!
The gnoll closely misses you.
You scratch the gnoll.
The gnoll is moderately wounded.
A rat comes into view.
You claw the gnoll!
The gnoll is severely wounded.
The gnoll hits you with a +0 spear!
Ouch! That really hurt!
You die...

#. #.
#.##. ..#.
r.. #.. #
#..###.#
#.g...#
#.@#
##.#####.#
#.........
#.#.####..
#.#..#
#.#....
#.#..###
#.#..#
####.#..#


You could see a gnoll and a rat.

Vanquished Creatures
  A leopard gecko (D:1)
  A bat (D:1)
  A giant cockroach (D:1)
  4 hobgoblins
  6 jackals (D:1)
  2 goblins (D:1)
  2 kobolds (D:1)
  5 rats
22 creatures vanquished.

Notes
Turn   | Place    | Note
-------+----------+-------------------------------------------
     0 | D:1      | Descartes the Felid Wanderer began the quest for the Orb.
     0 | D:1      | Descartes set off with the following items: a potion of
                  | lignification, a scroll of teleportation, a ration
     0 | D:1      | Reached XP level 1. HP: 7/7 MP: 2/2
   212 | D:1      | Reached XP level 2. HP: 11/11 MP: 3/3
   870 | D:2      | Found a runed translucent door.
   871 | D:2      | Noticed Crazy Yiuf
   970 | D:2      | Slain by a gnoll

Levels and vault maps discovered:
D:1:      dpeg_arrival_rooms_with_view, layout_loops_ring, kennysheep_doodads,
          minmay_misc_feat_five
D:2:      layout_basic, lemuel_blue_sif_altar, palyth_stone_intersect,
          kennysheep_small_spiral, uniq_crazy_yiuf_cottage, uniq_natasha,
          uniq_jessica

Skill      XL: |  1  2 |
---------------+-------+-----
Unarmed Combat | 2 |  2.1
Dodging        | |  5.6
Stealth        | |  5.7
Evocations     | |  1.1

Action                   || total
-------------------------++-------
Melee: Unarmed           ||    59
 Stab: Sleeping          ||     3
  Eat: Chunk             ||     7
Dodge: Dodged            ||    45
